[ AOE2 MATCH · #484599529 ]
UnrankedPortuguese vs Bengalis
[ REPLAY ANALYSIS · EXTRACTED FROM THE RECORDED GAME ]
Feudal
13:33
Castle
18:48
Imperial
25:44
| APM avg | 26.8 |
| APM peak | 72 |
| eAPM avg | 18.3 |
| Villagers / military | 67 / 45 |
Focus
⚔️ 33.5% · 🌾 66.5%
Organ Gun ×38 · Fishing Ship ×15 · Bombard Cannon ×3 · Trebuchet (Packed) ×2 · Monk ×2
Feudal
13:22
Castle
18:23
Imperial
—
| APM avg | 47.6 |
| APM peak | 81 |
| eAPM avg | 21.7 |
| Villagers / military | 100 / 50 |
Focus
⚔️ 37.5% · 🌾 62.5%
Cavalry Archer ×50 · Fishing Ship ×8 · Unknown (2626) ×4
Feudal
14:35
Castle
20:00
Imperial
32:30
| APM avg | 54.6 |
| APM peak | 88 |
| eAPM avg | 27.7 |
| Villagers / military | 154 / 87 |
Focus
⚔️ 30.4% · 🌾 69.6%
Cavalry Archer ×62 · Fishing Ship ×37 · Fire Galley ×13 · Unknown (2626) ×13 · Galley ×11 · Camel Scout ×1
Feudal
13:11
Castle
19:05
Imperial
—
| APM avg | 33.0 |
| APM peak | 71 |
| eAPM avg | 18.0 |
| Villagers / military | 120 / 54 |
Focus
⚔️ 26.8% · 🌾 73.2%
Knight ×49 · Fishing Ship ×12 · Unknown (2626) ×11 · Fire Galley ×4 · Scout Cavalry ×1
Feudal
13:29
Castle
17:18
Imperial
—
| APM avg | 51.0 |
| APM peak | 88 |
| eAPM avg | 30.0 |
| Villagers / military | 133 / 49 |
Focus
⚔️ 20.5% · 🌾 79.5%
Knight ×26 · Fishing Ship ×18 · Serjeant ×8 · Mangonel ×5 · Scorpion ×5 · Monk ×4
Feudal
13:02
Castle
18:20
Imperial
31:46
| APM avg | 40.0 |
| APM peak | 65 |
| eAPM avg | 24.6 |
| Villagers / military | 136 / 107 |
Focus
⚔️ 27.0% · 🌾 73.0%
Knight ×59 · Ballista Elephant ×35 · Fishing Ship ×20 · Trebuchet (Packed) ×7 · Scout Cavalry ×5 · Unknown (2626) ×5
Feudal
11:33
Castle
18:33
Imperial
—
| APM avg | 37.3 |
| APM peak | 65 |
| eAPM avg | 21.6 |
| Villagers / military | 141 / 32 |
Focus
⚔️ 23.0% · 🌾 77.0%
Fishing Ship ×15 · Mangonel ×10 · Knight ×5 · Archer ×4 · Monk ×4 · Camel Scout ×4
Feudal
12:56
Castle
17:31
Imperial
—
| APM avg | 42.3 |
| APM peak | 72 |
| eAPM avg | 21.1 |
| Villagers / military | 119 / 43 |
Focus
⚔️ 34.3% · 🌾 65.7%
Ratha (Ranged) ×35 · Fishing Ship ×14 · Monk ×3 · Unknown (2626) ×2 · Armored Elephant ×2 · Mangonel ×2
Match map
Initial resources + every placement click. Lines = walls · curves = elevation contours. ◆ gold · ⬟ stone · ● berries · ✦ relic · ◌ wall gap
Your base· Open — unwalled flank
Aleko's base· Open — unwalled flank
Mr Buuuuiiii's base· Open — 15t gap
Souches's base· Open — unwalled flank
matt_Solo's base· Open — 9t gap
Armazmar's base· Open — 9t gap
Bel's base· Open — unwalled flank
Raven's base· Open — 4t gap
Smoothed initial terrain · ◌ = detected wall gap · hover for details
Inputs per minute
— OS | dreamerion92 - - Aleko
Build order — OS | dreamerion92
First 150 of 240 actions detected
| 0:30 | Build | Town Center |
| 1:06 | Build | Dock |
| 1:16 | Build | House |
| 2:51 | Create | Villager (Male) |
| 2:51 | Create | Villager (Male) |
| 2:52 | Create | Villager (Male) |
| 2:52 | Create | Villager (Male) |
| 4:06 | Create | Villager (Male) |
| 4:23 | Create | Fishing Ship |
| 4:43 | Build | House |
| 4:52 | Create | Villager (Male) |
| 5:16 | Research | Loom |
| 5:42 | Create | Villager (Male) |
| 5:43 | Create | Fishing Ship |
| 5:58 | Build | House |
| 6:00 | Build | Palisade Wall |
| 6:06 | Create | Villager (Male) |
| 6:40 | Create | Villager (Male) |
| 6:45 | Create | Fishing Ship |
| 6:49 | Build | Palisade Wall |
| 7:07 | Create | Villager (Male) |
| 7:18 | Create | Fishing Ship |
| 7:28 | Create | Villager (Male) |
| 7:31 | Build | Palisade Wall |
| 7:45 | Build | House |
| 7:52 | Create | Villager (Male) |
| 8:07 | Create | Fishing Ship |
| 8:09 | Create | Villager (Male) |
| 8:21 | Build | House |
| 8:32 | Build | Palisade Wall |
| 8:35 | Build | House |
| 8:36 | Create | Villager (Male) |
| 8:42 | Create | Fishing Ship |
| 9:01 | Create | Villager (Male) |
| 9:06 | Create | Fishing Ship |
| 9:11 | Build | House |
| 9:13 | Build | Palisade Wall |
| 9:20 | Create | Villager (Male) |
| 9:29 | Build | Palisade Wall |
| 9:37 | Create | Villager (Male) |
| 9:42 | Build | Palisade Wall |
| 9:44 | Create | Villager (Male) |
| 10:04 | Create | Fishing Ship |
| 10:29 | Build | Mill |
| 10:54 | Create | Villager (Male) |
| 11:03 | Build | House |
| 11:05 | Build | Palisade Wall |
| 11:23 | Research | Feudal Age |
| 11:32 | Build | Dock |
| 11:41 | Build | House |
| 11:43 | Build | Palisade Wall |
| 11:57 | Create | Villager (Male) |
| 11:57 | Create | Villager (Male) |
| 12:02 | Build | Palisade Wall |
| 12:26 | Create | Fishing Ship |
| 12:45 | Build | House |
| 12:46 | Build | Palisade Wall |
| 13:15 | Build | Palisade Gate |
| 13:22 | Build | Palisade Gate |
| 13:25 | Build | Palisade Gate |
| 13:29 | Build | Palisade Gate |
| 13:33 | Age | Feudal Age |
| 13:34 | Build | Palisade Wall |
| 13:48 | Create | Villager (Male) |
| 13:54 | Create | Villager (Male) |
| 13:59 | Build | Market |
| 14:09 | Build | House |
| 14:10 | Build | Palisade Wall |
| 14:23 | Build | Palisade Wall |
| 14:36 | Build | Palisade Wall |
| 14:44 | Create | Villager (Male) |
| 15:06 | Build | Blacksmith |
| 15:10 | Build | Palisade Wall |
| 15:14 | Build | House |
| 15:33 | Build | Palisade Wall |
| 15:40 | Create | Villager (Male) |
| 15:46 | Create | Villager (Male) |
| 15:53 | Build | Mining Camp |
| 16:08 | Research | Castle Age |
| 16:22 | Create | Villager (Male) |
| 16:34 | Build | Lumber Camp |
| 16:52 | Build | Palisade Wall |
| 16:54 | Build | Palisade Wall |
| 16:59 | Build | Palisade Wall |
| 17:06 | Build | Palisade Wall |
| 17:11 | Build | Palisade Wall |
| 17:11 | Create | Villager (Male) |
| 17:21 | Research | Double-Bit Axe |
| 17:23 | Build | Palisade Wall |
| 17:26 | Build | Palisade Wall |
| 17:51 | Research | Tech 906 |
| 18:05 | Create | Villager (Male) |
| 18:14 | Build | House |
| 18:18 | Build | Palisade Wall |
| 18:20 | Build | Palisade Wall |
| 18:46 | Create | Fishing Ship |
| 18:48 | Age | Castle Age |
| 18:54 | Build | Castle |
| 19:09 | Create | Villager (Male) |
| 19:21 | Research | Bow Saw |
| 19:31 | Create | Villager (Male) |
| 19:39 | Create | Fishing Ship |
| 20:07 | Research | Gillnets |
| 20:33 | Build | Mining Camp |
| 20:39 | Research | Town Watch |
| 20:43 | Create | Villager (Male) |
| 20:56 | Create | Fishing Ship |
| 20:59 | Create | Fishing Ship |
| 21:01 | Create | Villager (Male) |
| 21:49 | Build | Dock |
| 21:52 | Create | Fishing Ship |
| 21:52 | Create | Fishing Ship |
| 21:59 | Create | Villager (Male) |
| 22:06 | Build | House |
| 22:09 | Build | House |
| 22:10 | Build | House |
| 22:34 | Research | Imperial Age |
| 22:39 | Create | Organ Gun |
| 22:52 | Research | Gold Mining |
| 23:01 | Research | Stone Mining |
| 23:12 | Create | Organ Gun |
| 23:27 | Create | Organ Gun |
| 23:38 | Research | Fletching |
| 23:42 | Build | House |
| 23:47 | Build | House |
| 23:54 | Create | Villager (Male) |
| 24:05 | Create | Organ Gun |
| 24:19 | Build | University |
| 24:22 | Create | Villager (Male) |
| 24:28 | Build | House |
| 24:29 | Build | House |
| 24:30 | Build | House |
| 24:31 | Build | House |
| 24:32 | Create | Villager (Male) |
| 24:43 | Create | Villager (Male) |
| 25:02 | Research | Bodkin Arrow |
| 25:39 | Create | Organ Gun |
| 25:44 | Age | Imperial Age |
| 25:47 | Create | Trebuchet (Packed) |
| 25:54 | Research | Chemistry |
| 26:05 | Build | Feitoria |
| 26:26 | Create | Villager (Male) |
| 26:31 | Build | Siege Workshop |
| 26:36 | Create | Villager (Male) |
| 26:53 | Create | Organ Gun |
| 27:06 | Create | Villager (Male) |
| 27:21 | Build | Feitoria |
| 27:25 | Create | Villager (Male) |
| 27:34 | Create | Organ Gun |
| 28:02 | Create | Bombard Cannon |
Build order — Aleko
First 150 of 273 actions detected
| 0:18 | Build | Town Center |
| 1:13 | Build | Dock |
| 1:16 | Build | House |
| 2:37 | Create | Villager (Male) |
| 2:38 | Create | Villager (Male) |
| 2:38 | Create | Villager (Male) |
| 2:38 | Create | Villager (Male) |
| 2:38 | Create | Villager (Male) |
| 2:39 | Create | Villager (Male) |
| 2:49 | Build | Palisade Wall |
| 3:46 | Create | Fishing Ship |
| 4:24 | Create | Villager (Male) |
| 4:39 | Create | Fishing Ship |
| 4:48 | Research | Loom |
| 4:52 | Build | House |
| 5:11 | Create | Villager (Male) |
| 5:11 | Create | Villager (Male) |
| 5:11 | Create | Villager (Male) |
| 5:11 | Create | Villager (Male) |
| 5:29 | Create | Villager (Male) |
| 5:51 | Create | Fishing Ship |
| 5:55 | Create | Villager (Male) |
| 5:56 | Create | Villager (Male) |
| 6:07 | Build | House |
| 6:13 | Build | House |
| 6:23 | Create | Villager (Male) |
| 6:23 | Create | Villager (Male) |
| 6:40 | Create | Villager (Male) |
| 6:42 | Create | Fishing Ship |
| 6:43 | Build | Palisade Wall |
| 6:45 | Build | Palisade Wall |
| 7:09 | Create | Fishing Ship |
| 7:13 | Create | Villager (Male) |
| 7:35 | Build | House |
| 7:39 | Create | Villager (Male) |
| 7:39 | Create | Villager (Male) |
| 8:02 | Create | Fishing Ship |
| 8:31 | Create | Villager (Male) |
| 8:32 | Create | Fishing Ship |
| 8:48 | Create | Villager (Male) |
| 8:53 | Build | Mill |
| 9:06 | Build | House |
| 9:08 | Create | Villager (Male) |
| 9:37 | Build | Palisade Wall |
| 9:42 | Create | Villager (Male) |
| 9:47 | Build | House |
| 9:49 | Build | Palisade Wall |
| 9:58 | Create | Fishing Ship |
| 10:15 | Build | Lumber Camp |
| 10:20 | Create | Villager (Male) |
| 10:39 | Build | House |
| 10:44 | Create | Villager (Male) |
| 11:05 | Build | Mining Camp |
| 11:07 | Research | Feudal Age |
| 11:07 | Research | Feudal Age |
| 11:22 | Build | Palisade Wall |
| 11:29 | Build | Palisade Wall |
| 11:47 | Build | Dock |
| 12:22 | Build | Palisade Wall |
| 12:25 | Build | Palisade Wall |
| 12:49 | Create | Villager (Male) |
| 12:49 | Create | Villager (Male) |
| 12:52 | Build | Palisade Wall |
| 12:54 | Build | Palisade Wall |
| 13:22 | Age | Feudal Age |
| 13:25 | Create | Unit 2626 |
| 13:26 | Create | Unit 2626 |
| 13:34 | Research | Double-Bit Axe |
| 13:34 | Research | Double-Bit Axe |
| 13:47 | Build | Market |
| 13:53 | Research | Town Watch |
| 13:53 | Research | Town Watch |
| 14:21 | Create | Unit 2626 |
| 14:23 | Build | Blacksmith |
| 14:29 | Create | Villager (Male) |
| 14:29 | Create | Villager (Male) |
| 14:50 | Create | Unit 2626 |
| 15:13 | Research | Town Watch |
| 15:37 | Build | House |
| 15:43 | Research | Castle Age |
| 15:44 | Research | Castle Age |
| 16:20 | Build | Mining Camp |
| 16:21 | Research | Horse Collar |
| 16:21 | Research | Horse Collar |
| 17:04 | Build | Barracks |
| 17:21 | Build | House |
| 17:44 | Research | Tech 906 |
| 18:03 | Create | Villager (Male) |
| 18:23 | Age | Castle Age |
| 18:25 | Build | Archery Range |
| 18:47 | Build | Town Center |
| 18:59 | Research | Fletching |
| 19:00 | Research | Fletching |
| 19:01 | Create | Cavalry Archer |
| 19:26 | Research | Bodkin Arrow |
| 19:26 | Research | Bodkin Arrow |
| 20:03 | Build | Mining Camp |
| 20:18 | Create | Villager (Male) |
| 20:18 | Create | Villager (Male) |
| 20:38 | Create | Cavalry Archer |
| 21:00 | Build | Archery Range |
| 21:25 | Create | Cavalry Archer |
| 21:25 | Create | Cavalry Archer |
| 21:25 | Create | Villager (Male) |
| 21:26 | Create | Villager (Male) |
| 21:26 | Create | Villager (Male) |
| 21:45 | Research | Padded Archer Armor |
| 21:46 | Research | Padded Archer Armor |
| 21:47 | Create | Villager (Male) |
| 22:02 | Build | Stable |
| 22:04 | Create | Villager (Male) |
| 22:08 | Create | Cavalry Archer |
| 22:08 | Create | Cavalry Archer |
| 22:38 | Create | Cavalry Archer |
| 22:48 | Create | Villager (Male) |
| 22:49 | Create | Villager (Male) |
| 23:00 | Research | Bloodlines |
| 23:16 | Create | Cavalry Archer |
| 23:16 | Create | Cavalry Archer |
| 23:36 | Create | Cavalry Archer |
| 23:37 | Create | Villager (Male) |
| 23:37 | Create | Villager (Male) |
| 23:49 | Build | Farm |
| 23:52 | Build | Farm |
| 23:53 | Build | Farm |
| 23:53 | Build | Farm |
| 23:53 | Build | Farm |
| 23:53 | Build | Farm |
| 23:53 | Build | Farm |
| 23:54 | Build | Farm |
| 24:10 | Build | House |
| 24:23 | Create | Villager (Male) |
| 24:24 | Create | Villager (Male) |
| 24:38 | Build | House |
| 24:42 | Create | Cavalry Archer |
| 24:42 | Create | Cavalry Archer |
| 24:44 | Create | Villager (Male) |
| 24:44 | Create | Villager (Male) |
| 25:03 | Create | Cavalry Archer |
| 25:03 | Create | Cavalry Archer |
| 25:07 | Build | House |
| 25:09 | Build | House |
| 25:16 | Build | House |
| 25:21 | Create | Villager (Male) |
| 25:45 | Research | Husbandry |
| 25:46 | Research | Husbandry |
| 26:10 | Build | House |
| 26:14 | Create | Villager (Male) |
| 26:21 | Build | Market |
| 26:23 | Build | House |
Build order — Mr Buuuuiiii
First 150 of 317 actions detected
| 0:14 | Build | Town Center |
| 2:38 | Build | House |
| 2:44 | Build | Dock |
| 2:49 | Create | Villager (Male) |
| 2:49 | Create | Villager (Male) |
| 2:49 | Create | Villager (Male) |
| 2:50 | Create | Villager (Male) |
| 4:25 | Research | Loom |
| 4:27 | Create | Fishing Ship |
| 4:38 | Build | House |
| 5:11 | Create | Villager (Male) |
| 5:40 | Create | Villager (Male) |
| 5:40 | Create | Villager (Male) |
| 6:03 | Create | Villager (Male) |
| 6:06 | Create | Fishing Ship |
| 6:32 | Create | Villager (Male) |
| 6:39 | Build | House |
| 6:58 | Create | Villager (Male) |
| 7:16 | Create | Fishing Ship |
| 7:20 | Create | Villager (Male) |
| 7:48 | Create | Villager (Male) |
| 7:58 | Create | Fishing Ship |
| 8:00 | Create | Villager (Male) |
| 8:17 | Create | Fishing Ship |
| 8:35 | Create | Villager (Male) |
| 8:35 | Create | Villager (Male) |
| 8:43 | Build | House |
| 9:02 | Create | Fishing Ship |
| 9:02 | Create | Fishing Ship |
| 9:09 | Create | Villager (Male) |
| 9:16 | Create | Villager (Male) |
| 9:28 | Create | Fishing Ship |
| 9:28 | Create | Fishing Ship |
| 9:38 | Create | Villager (Male) |
| 9:45 | Build | Dock |
| 9:50 | Create | Villager (Male) |
| 10:01 | Build | House |
| 10:09 | Create | Fishing Ship |
| 10:11 | Create | Villager (Male) |
| 10:13 | Create | Villager (Male) |
| 10:35 | Create | Fishing Ship |
| 10:53 | Create | Fishing Ship |
| 10:59 | Build | House |
| 11:10 | Create | Fishing Ship |
| 11:10 | Create | Fishing Ship |
| 11:12 | Create | Villager (Male) |
| 11:29 | Create | Fishing Ship |
| 11:36 | Create | Villager (Male) |
| 11:48 | Create | Villager (Male) |
| 11:55 | Build | Lumber Camp |
| 12:25 | Research | Feudal Age |
| 12:33 | Build | Mining Camp |
| 13:13 | Build | Mill |
| 13:32 | Create | Villager (Male) |
| 13:53 | Build | House |
| 14:20 | Create | Villager (Male) |
| 14:29 | Create | Villager (Male) |
| 14:35 | Age | Feudal Age |
| 14:36 | Create | Fire Galley |
| 14:38 | Create | Galley |
| 14:39 | Create | Galley |
| 14:41 | Research | Double-Bit Axe |
| 14:41 | Create | Villager (Male) |
| 14:47 | Build | Blacksmith |
| 14:51 | Build | Blacksmith |
| 14:54 | Create | Villager (Male) |
| 15:11 | Create | Villager (Male) |
| 15:19 | Create | Galley |
| 15:20 | Create | Galley |
| 15:24 | Create | Villager (Male) |
| 15:45 | Build | House |
| 15:53 | Build | House |
| 16:15 | Create | Villager (Male) |
| 16:19 | Build | Market |
| 16:37 | Research | Fletching |
| 16:38 | Create | Villager (Male) |
| 17:04 | Build | House |
| 17:20 | Research | Castle Age |
| 17:22 | Create | Galley ×3 |
| 17:29 | Build | Dock |
| 17:50 | Create | Galley ×2 |
| 17:53 | Create | Villager (Male) |
| 18:19 | Build | Lumber Camp |
| 18:26 | Create | Galley ×2 |
| 18:38 | Create | Villager (Male) |
| 18:52 | Create | Villager (Male) |
| 19:04 | Build | House |
| 19:31 | Create | Villager (Male) |
| 19:39 | Create | Fire Galley ×4 |
| 19:54 | Create | Villager (Male) |
| 19:59 | Research | Tech 906 |
| 20:00 | Age | Castle Age |
| 20:02 | Research | War Galley (upgrade) |
| 20:06 | Create | Villager (Male) |
| 20:08 | Create | Villager (Male) |
| 20:11 | Build | House |
| 20:28 | Create | Villager (Male) |
| 20:30 | Create | Villager (Male) |
| 20:39 | Create | Villager (Male) |
| 21:00 | Create | Villager (Male) |
| 21:03 | Build | Town Center |
| 21:05 | Research | Bow Saw |
| 21:17 | Create | Villager (Male) |
| 21:27 | Create | Fire Galley ×2 |
| 21:29 | Create | Villager (Male) |
| 21:36 | Create | Villager (Male) |
| 21:55 | Create | Villager (Male) |
| 21:57 | Create | Villager (Male) |
| 21:57 | Create | Villager (Male) |
| 22:00 | Research | Horse Collar |
| 22:09 | Create | Unit 2626 ×2 |
| 22:10 | Create | Unit 2626 ×2 |
| 22:11 | Create | Villager (Male) |
| 22:11 | Create | Villager (Male) |
| 22:12 | Create | Villager (Male) |
| 22:14 | Create | Villager (Male) |
| 22:14 | Create | Villager (Male) |
| 22:36 | Create | Villager (Male) |
| 22:37 | Create | Villager (Male) |
| 22:47 | Create | Villager (Male) |
| 22:53 | Build | Town Center |
| 23:03 | Create | Villager (Male) |
| 23:04 | Create | Villager (Male) |
| 23:20 | Create | Villager (Male) |
| 23:20 | Create | Villager (Male) |
| 23:32 | Create | Villager (Male) |
| 23:32 | Create | Villager (Male) |
| 23:33 | Create | Villager (Male) |
| 23:41 | Create | Fishing Ship ×5 |
| 23:56 | Research | Gillnets |
| 23:58 | Create | Villager (Male) |
| 24:08 | Create | Villager (Male) |
| 24:09 | Create | Villager (Male) |
| 24:10 | Create | Villager (Male) |
| 24:10 | Create | Villager (Male) |
| 24:10 | Create | Villager (Male) |
| 24:13 | Create | Villager (Male) |
| 24:21 | Create | Villager (Male) |
| 24:22 | Build | House |
| 24:23 | Build | House |
| 24:23 | Build | House |
| 24:23 | Build | House |
| 24:32 | Create | Villager (Male) |
| 24:34 | Create | Fishing Ship ×4 |
| 25:00 | Create | Fire Galley ×3 |
| 25:00 | Create | Fire Galley ×3 |
| 25:15 | Create | Villager (Male) |
| 25:15 | Create | Villager (Male) |
| 25:16 | Create | Villager (Male) |
| 25:18 | Create | Villager (Male) |
Build order — Souches
First 150 of 320 actions detected
| 0:21 | Build | Town Center |
| 0:32 | Build | Dock |
| 0:35 | Build | House |
| 2:35 | Create | Villager (Male) |
| 2:35 | Create | Villager (Male) |
| 2:35 | Create | Villager (Male) |
| 2:36 | Create | Villager (Male) |
| 2:36 | Create | Villager (Male) |
| 3:33 | Create | Fishing Ship |
| 3:47 | Create | Villager (Male) |
| 3:47 | Create | Villager (Male) |
| 4:39 | Build | House |
| 4:42 | Create | Villager (Male) |
| 5:08 | Create | Villager (Male) |
| 5:22 | Create | Fishing Ship |
| 5:22 | Create | Fishing Ship |
| 5:33 | Create | Villager (Male) |
| 5:48 | Build | House |
| 5:53 | Create | Villager (Male) |
| 6:13 | Create | Fishing Ship |
| 6:23 | Create | Villager (Male) |
| 6:43 | Create | Fishing Ship |
| 6:45 | Create | Villager (Male) |
| 7:10 | Create | Villager (Male) |
| 7:11 | Create | Villager (Male) |
| 7:13 | Create | Fishing Ship |
| 7:18 | Research | Loom |
| 7:22 | Build | House |
| 7:35 | Create | Fishing Ship |
| 7:38 | Create | Villager (Male) |
| 7:39 | Create | Villager (Male) |
| 8:15 | Create | Fishing Ship |
| 8:36 | Build | House |
| 8:39 | Create | Villager (Male) |
| 8:39 | Create | Villager (Male) |
| 8:41 | Create | Fishing Ship |
| 9:08 | Create | Villager (Male) |
| 9:15 | Create | Fishing Ship |
| 9:42 | Create | Fishing Ship |
| 9:42 | Create | Villager (Male) |
| 9:49 | Build | House |
| 9:55 | Build | House |
| 10:06 | Create | Villager (Male) |
| 10:19 | Build | Lumber Camp |
| 10:23 | Create | Villager (Male) |
| 10:25 | Create | Fishing Ship |
| 11:01 | Research | Feudal Age |
| 11:10 | Build | Mining Camp |
| 11:36 | Build | Dock |
| 13:11 | Age | Feudal Age |
| 13:13 | Create | Unit 2626 |
| 13:13 | Create | Unit 2626 |
| 13:14 | Create | Villager (Male) |
| 13:23 | Build | Blacksmith |
| 13:26 | Create | Villager (Male) |
| 13:33 | Build | Mill |
| 13:43 | Create | Unit 2626 |
| 13:53 | Research | Double-Bit Axe |
| 14:04 | Create | Unit 2626 |
| 14:06 | Create | Villager (Male) |
| 14:07 | Create | Villager (Male) |
| 14:27 | Create | Villager (Male) |
| 14:42 | Create | Unit 2626 |
| 14:46 | Build | House |
| 14:52 | Build | House |
| 15:00 | Research | Town Watch |
| 15:05 | Create | Unit 2626 |
| 15:09 | Research | Tech 906 |
| 15:21 | Create | Villager (Male) |
| 15:40 | Build | Market |
| 15:41 | Create | Villager (Male) |
| 15:57 | Create | Unit 2626 |
| 15:59 | Create | Unit 2626 |
| 16:25 | Research | Castle Age |
| 16:36 | Research | Bow Saw |
| 17:18 | Research | Gillnets |
| 17:19 | Create | Fire Galley |
| 17:40 | Build | Barracks |
| 18:20 | Research | Scale Barding Armor |
| 18:27 | Build | Stable |
| 18:33 | Build | Stable |
| 18:47 | Create | Fire Galley |
| 18:49 | Create | Fire Galley |
| 19:05 | Age | Castle Age |
| 19:13 | Create | Villager (Male) |
| 19:17 | Create | Knight |
| 19:28 | Build | Dock |
| 19:33 | Research | Cavalier (upgrade) |
| 19:34 | Research | Husbandry |
| 19:46 | Create | Knight |
| 19:48 | Create | Villager (Male) |
| 19:50 | Build | House |
| 19:52 | Build | House |
| 19:54 | Build | House |
| 20:06 | Research | Wheelbarrow |
| 20:13 | Create | Knight |
| 20:22 | Create | Villager (Male) |
| 20:38 | Create | Knight |
| 20:38 | Create | Knight |
| 20:56 | Create | Knight |
| 20:57 | Create | Villager (Male) |
| 21:01 | Build | Palisade Wall |
| 21:02 | Build | Palisade Wall |
| 21:15 | Create | Villager (Male) |
| 21:26 | Create | Knight |
| 21:27 | Create | Villager (Male) |
| 21:32 | Build | House |
| 21:33 | Build | House |
| 21:43 | Create | Knight |
| 21:44 | Create | Villager (Male) |
| 21:44 | Create | Villager (Male) |
| 22:04 | Create | Knight |
| 22:33 | Create | Villager (Male) |
| 22:34 | Create | Villager (Male) |
| 22:34 | Create | Villager (Male) |
| 22:45 | Build | Town Center |
| 22:49 | Build | Lumber Camp |
| 22:50 | Create | Villager (Male) |
| 22:50 | Create | Villager (Male) |
| 23:15 | Create | Villager (Male) |
| 23:15 | Create | Villager (Male) |
| 23:17 | Create | Knight |
| 23:18 | Create | Knight |
| 23:36 | Create | Villager (Male) |
| 23:36 | Create | Villager (Male) |
| 23:39 | Build | House |
| 23:40 | Build | House |
| 23:41 | Build | House |
| 23:41 | Build | House |
| 23:42 | Create | Villager (Male) |
| 23:53 | Research | War Galley (upgrade) |
| 23:56 | Create | Villager (Male) |
| 23:57 | Create | Villager (Male) |
| 24:00 | Create | Villager (Male) |
| 24:04 | Build | Mill |
| 24:06 | Create | Villager (Male) |
| 24:21 | Create | Knight |
| 24:26 | Create | Villager (Male) |
| 24:30 | Research | Gold Mining |
| 24:32 | Research | Hand Cart |
| 24:35 | Create | Villager (Male) |
| 24:41 | Build | Farm |
| 24:43 | Build | Farm |
| 24:44 | Research | Horse Collar |
| 24:46 | Create | Villager (Male) |
| 24:48 | Build | Farm |
| 24:55 | Build | House |
| 25:05 | Create | Unit 2626 |
| 25:05 | Create | Unit 2626 |
| 25:06 | Create | Unit 2626 |
Build order — matt_Solo
First 150 of 326 actions detected
| 0:13 | Build | Town Center |
| 1:42 | Build | Dock |
| 2:29 | Build | House |
| 2:35 | Create | Villager (Male) ×4 |
| 4:10 | Research | Loom |
| 4:12 | Create | Fishing Ship |
| 4:36 | Create | Villager (Male) |
| 4:36 | Create | Villager (Male) |
| 4:57 | Build | House |
| 5:07 | Create | Villager (Male) |
| 5:07 | Create | Villager (Male) |
| 5:29 | Create | Villager (Male) |
| 5:29 | Create | Villager (Male) |
| 5:56 | Create | Villager (Male) |
| 5:57 | Create | Villager (Male) |
| 6:04 | Create | Fishing Ship |
| 6:04 | Create | Fishing Ship |
| 6:22 | Build | House |
| 6:27 | Create | Villager (Male) |
| 6:27 | Create | Villager (Male) |
| 6:43 | Create | Villager (Male) |
| 6:43 | Create | Villager (Male) |
| 6:56 | Build | House |
| 7:15 | Create | Fishing Ship |
| 7:16 | Create | Fishing Ship |
| 7:19 | Build | House |
| 7:26 | Build | House |
| 7:29 | Create | Villager (Male) |
| 7:29 | Create | Villager (Male) |
| 7:30 | Create | Villager (Male) |
| 7:31 | Create | Villager (Male) |
| 7:41 | Create | Fishing Ship |
| 7:42 | Create | Fishing Ship |
| 7:46 | Build | Palisade Wall |
| 8:01 | Create | Villager (Male) |
| 8:02 | Create | Villager (Male) |
| 8:06 | Create | Fishing Ship |
| 8:07 | Create | Fishing Ship |
| 8:36 | Create | Fishing Ship |
| 8:37 | Create | Fishing Ship |
| 8:44 | Create | Villager (Male) |
| 8:45 | Create | Villager (Male) |
| 8:54 | Build | House |
| 8:56 | Create | Villager (Male) |
| 8:57 | Create | Villager (Male) |
| 8:57 | Create | Villager (Male) |
| 8:57 | Create | Villager (Male) |
| 9:03 | Create | Fishing Ship |
| 9:03 | Create | Fishing Ship |
| 9:36 | Build | Mill |
| 10:15 | Create | Villager (Male) |
| 10:40 | Build | Mining Camp |
| 10:44 | Create | Fishing Ship |
| 11:04 | Build | Outpost |
| 11:13 | Build | House |
| 11:19 | Research | Feudal Age |
| 11:40 | Build | House |
| 11:41 | Build | Palisade Wall |
| 11:42 | Build | Palisade Wall |
| 11:43 | Build | Palisade Wall |
| 11:44 | Build | Palisade Wall |
| 11:51 | Create | Fishing Ship |
| 12:19 | Build | Palisade Gate |
| 12:56 | Create | Villager (Male) |
| 13:23 | Build | Outpost |
| 13:29 | Age | Feudal Age |
| 13:34 | Build | Market |
| 13:43 | Build | Outpost |
| 13:47 | Create | Villager (Male) |
| 14:00 | Build | Blacksmith |
| 14:05 | Build | Palisade Gate |
| 14:22 | Build | House |
| 14:38 | Research | Castle Age |
| 14:39 | Research | Castle Age |
| 15:03 | Build | Lumber Camp |
| 15:41 | Build | Palisade Wall |
| 15:41 | Build | Palisade Wall |
| 15:42 | Build | Palisade Wall |
| 15:43 | Build | Palisade Wall |
| 15:43 | Build | Palisade Wall |
| 15:43 | Build | Palisade Wall |
| 15:43 | Build | Palisade Wall |
| 15:45 | Build | Palisade Wall |
| 15:50 | Create | Villager (Male) |
| 16:11 | Build | Dock |
| 16:25 | Build | Donjon |
| 16:31 | Research | Double-Bit Axe |
| 17:04 | Create | Serjeant |
| 17:04 | Create | Serjeant |
| 17:07 | Create | Villager (Male) |
| 17:18 | Age | Castle Age |
| 17:26 | Build | Siege Workshop |
| 17:33 | Create | Villager (Male) |
| 17:36 | Create | Serjeant |
| 17:36 | Create | Serjeant |
| 17:41 | Research | Scale Mail Armor |
| 17:45 | Build | House |
| 17:47 | Create | Fishing Ship |
| 17:50 | Create | Villager (Male) |
| 17:59 | Create | Mangonel |
| 18:00 | Create | Mangonel |
| 18:25 | Create | Villager (Male) |
| 18:31 | Create | Mangonel |
| 18:34 | Create | Villager (Male) |
| 18:44 | Research | Town Watch |
| 18:46 | Create | Villager (Male) |
| 19:06 | Create | Mangonel |
| 19:22 | Create | Villager (Male) |
| 19:25 | Build | Monastery |
| 19:32 | Create | Serjeant |
| 19:32 | Create | Serjeant |
| 19:40 | Build | House |
| 19:47 | Build | House |
| 19:53 | Create | Mangonel |
| 20:03 | Create | Serjeant |
| 20:03 | Create | Serjeant |
| 20:10 | Create | Monk |
| 20:12 | Create | Villager (Male) |
| 20:36 | Build | Town Center |
| 21:04 | Create | Villager (Male) |
| 21:09 | Build | House |
| 21:20 | Create | Villager (Male) |
| 21:24 | Build | Mining Camp |
| 21:25 | Create | Villager (Male) |
| 21:58 | Create | Villager (Male) |
| 22:02 | Create | Villager (Male) |
| 22:15 | Create | Monk |
| 22:19 | Create | Villager (Male) |
| 22:21 | Create | Villager (Male) |
| 22:23 | Build | Town Center |
| 23:18 | Create | Villager (Male) |
| 23:19 | Create | Villager (Male) |
| 23:21 | Research | Horse Collar |
| 23:22 | Research | Horse Collar |
| 23:43 | Create | Villager (Male) |
| 23:43 | Create | Villager (Male) |
| 23:46 | Create | Villager (Male) |
| 23:46 | Create | Villager (Male) |
| 23:46 | Create | Villager (Male) |
| 23:47 | Build | Farm |
| 23:48 | Build | Farm |
| 23:50 | Build | Farm |
| 23:50 | Build | Farm |
| 23:51 | Build | Farm |
| 23:52 | Build | Farm |
| 23:52 | Build | Farm |
| 23:55 | Build | Farm |
| 23:55 | Build | Farm |
| 23:56 | Build | Stable |
| 24:09 | Build | Dock |
Build order — Armazmar
First 150 of 351 actions detected
| 0:04 | Build | Town Center |
| 1:00 | Build | Dock |
| 2:25 | Create | Villager (Male) |
| 2:26 | Create | Villager (Male) |
| 2:26 | Create | Villager (Male) |
| 2:26 | Create | Villager (Male) |
| 2:26 | Create | Villager (Male) |
| 2:28 | Build | House |
| 3:41 | Create | Fishing Ship |
| 3:42 | Create | Villager (Male) |
| 3:42 | Create | Villager (Male) |
| 4:31 | Build | House |
| 4:37 | Create | Villager (Male) |
| 4:37 | Create | Villager (Male) |
| 5:07 | Create | Fishing Ship |
| 5:12 | Create | Villager (Male) |
| 5:12 | Create | Villager (Male) |
| 5:30 | Create | Villager (Male) |
| 5:31 | Create | Villager (Male) |
| 5:50 | Create | Villager (Male) |
| 5:51 | Create | Villager (Male) |
| 5:54 | Build | House |
| 6:08 | Create | Villager (Male) |
| 6:09 | Create | Villager (Male) |
| 6:33 | Create | Fishing Ship |
| 6:35 | Create | Villager (Male) |
| 6:35 | Create | Villager (Male) |
| 7:06 | Create | Villager (Male) |
| 7:06 | Create | Villager (Male) |
| 7:15 | Create | Villager (Male) |
| 7:16 | Create | Villager (Male) |
| 7:17 | Create | Fishing Ship |
| 7:39 | Create | Villager (Male) |
| 7:39 | Create | Villager (Male) |
| 7:56 | Build | House |
| 8:04 | Research | Loom |
| 8:06 | Create | Villager (Male) |
| 8:10 | Create | Villager (Male) |
| 8:15 | Create | Villager (Male) |
| 8:15 | Create | Villager (Male) |
| 8:17 | Create | Fishing Ship |
| 8:39 | Create | Fishing Ship |
| 9:29 | Create | Villager (Male) |
| 9:48 | Build | House |
| 10:16 | Create | Villager (Male) |
| 10:35 | Create | Fishing Ship |
| 10:44 | Build | Dock |
| 10:52 | Research | Feudal Age |
| 11:32 | Build | Mill |
| 11:39 | Build | Lumber Camp |
| 11:46 | Build | House |
| 11:47 | Build | House |
| 11:51 | Create | Fishing Ship |
| 11:51 | Create | Fishing Ship |
| 12:43 | Create | Fishing Ship |
| 12:45 | Create | Fishing Ship |
| 12:47 | Build | House |
| 13:02 | Age | Feudal Age |
| 13:09 | Build | Mining Camp |
| 13:10 | Create | Villager (Male) |
| 13:10 | Create | Villager (Male) |
| 13:12 | Research | Double-Bit Axe |
| 13:36 | Create | Villager (Male) |
| 13:37 | Create | Villager (Male) |
| 14:28 | Build | Stable |
| 14:50 | Create | Villager (Male) |
| 14:50 | Create | Villager (Male) |
| 15:10 | Build | Dock |
| 15:17 | Research | Castle Age |
| 15:41 | Build | Blacksmith |
| 16:00 | Research | Tech 906 |
| 16:00 | Research | Tech 906 |
| 16:26 | Research | Forging |
| 16:28 | Research | Bloodlines |
| 16:34 | Build | Stable |
| 16:49 | Create | Fishing Ship |
| 17:11 | Create | Fishing Ship |
| 17:11 | Create | Fishing Ship |
| 17:11 | Create | Fishing Ship |
| 17:19 | Build | House |
| 17:34 | Create | Villager (Male) |
| 18:08 | Create | Fishing Ship |
| 18:20 | Age | Castle Age |
| 18:21 | Create | Knight ×3 |
| 18:21 | Create | Knight ×3 |
| 18:31 | Build | Town Center |
| 18:32 | Research | Bow Saw |
| 18:33 | Create | Villager (Male) |
| 18:33 | Create | Villager (Male) |
| 18:34 | Create | Villager (Male) |
| 18:39 | Create | Knight |
| 18:39 | Create | Knight |
| 18:39 | Create | Knight |
| 19:22 | Create | Villager (Male) |
| 19:22 | Create | Villager (Male) |
| 19:35 | Research | Husbandry |
| 19:46 | Create | Villager (Male) |
| 19:46 | Create | Villager (Male) |
| 19:46 | Create | Villager (Male) |
| 19:51 | Build | Town Center |
| 19:58 | Build | House |
| 19:58 | Build | House |
| 19:58 | Build | House |
| 19:59 | Build | House |
| 20:06 | Create | Villager (Male) |
| 20:23 | Build | Dock |
| 20:26 | Create | Villager (Male) |
| 20:26 | Create | Villager (Male) |
| 20:26 | Create | Villager (Male) |
| 20:27 | Create | Villager (Male) |
| 20:41 | Build | Farm |
| 20:43 | Build | Farm |
| 20:44 | Research | Horse Collar |
| 20:53 | Create | Villager (Male) |
| 20:53 | Create | Villager (Male) |
| 20:53 | Create | Villager (Male) |
| 20:53 | Create | Villager (Male) |
| 21:33 | Create | Villager (Male) |
| 21:33 | Create | Villager (Male) |
| 21:36 | Create | Villager (Male) |
| 21:36 | Create | Villager (Male) |
| 21:37 | Build | Farm |
| 21:38 | Build | Farm |
| 22:03 | Create | Villager (Male) |
| 22:04 | Create | Villager (Male) |
| 22:04 | Create | Villager (Male) |
| 22:15 | Build | Mining Camp |
| 22:17 | Create | Villager (Male) |
| 22:17 | Create | Villager (Male) |
| 22:32 | Create | Knight |
| 22:32 | Create | Knight |
| 22:34 | Create | Scout Cavalry |
| 22:53 | Research | Light Cavalry (upgrade) |
| 22:53 | Create | Scout Cavalry |
| 23:05 | Create | Villager (Male) |
| 23:05 | Create | Villager (Male) |
| 23:11 | Create | Knight |
| 23:17 | Build | Stable |
| 23:17 | Build | Stable |
| 23:26 | Create | Villager (Male) |
| 23:26 | Create | Villager (Male) |
| 23:29 | Create | Villager (Male) |
| 23:29 | Create | Villager (Male) |
| 23:40 | Create | Knight |
| 23:40 | Create | Knight |
| 24:04 | Create | Unit 2626 |
| 24:05 | Create | Unit 2626 |
| 24:05 | Create | Unit 2626 |
| 24:05 | Create | Unit 2626 |
| 24:09 | Create | Unit 2626 |
Build order — Bel
First 150 of 326 actions detected
| 0:09 | Build | Town Center |
| 1:11 | Build | Dock |
| 1:55 | Build | House |
| 2:32 | Create | Villager (Male) |
| 2:33 | Create | Villager (Male) |
| 2:33 | Create | Villager (Male) |
| 2:33 | Create | Fishing Ship |
| 2:35 | Create | Villager (Male) ×2 |
| 3:51 | Build | House |
| 4:12 | Build | House |
| 4:18 | Create | Fishing Ship |
| 4:26 | Create | Villager (Male) |
| 4:52 | Create | Villager (Male) |
| 4:52 | Create | Villager (Male) |
| 5:10 | Build | House |
| 5:21 | Create | Villager (Male) |
| 5:21 | Create | Villager (Male) |
| 5:42 | Create | Villager (Male) |
| 5:42 | Create | Villager (Male) |
| 5:56 | Create | Fishing Ship |
| 6:01 | Create | Villager (Male) |
| 6:29 | Create | Villager (Male) |
| 6:31 | Create | Fishing Ship |
| 6:48 | Build | House |
| 6:56 | Create | Villager (Male) |
| 6:56 | Create | Villager (Male) |
| 6:57 | Create | Villager (Male) |
| 7:04 | Build | House |
| 7:18 | Create | Fishing Ship |
| 7:34 | Build | Palisade Wall |
| 7:38 | Create | Villager (Male) |
| 7:38 | Create | Villager (Male) |
| 8:09 | Build | House |
| 8:20 | Build | Lumber Camp |
| 8:22 | Create | Villager (Male) |
| 8:32 | Create | Villager (Male) |
| 8:46 | Build | House |
| 9:20 | Build | House |
| 9:28 | Create | Fishing Ship |
| 9:29 | Research | Feudal Age |
| 9:39 | Build | Palisade Wall |
| 10:04 | Create | Fishing Ship |
| 10:13 | Create | Fishing Ship |
| 10:25 | Build | Palisade Wall |
| 10:25 | Build | Palisade Wall |
| 10:37 | Build | Barracks |
| 10:44 | Build | Palisade Wall |
| 10:47 | Build | Palisade Wall |
| 10:48 | Build | Palisade Wall |
| 10:58 | Create | Fishing Ship |
| 11:07 | Create | Villager (Male) |
| 11:33 | Age | Feudal Age |
| 11:40 | Build | Stable |
| 11:56 | Create | Unit 2626 |
| 11:57 | Create | Villager (Male) |
| 12:18 | Create | Villager (Male) |
| 12:35 | Build | Archery Range |
| 12:39 | Create | Villager (Male) |
| 12:52 | Build | Mining Camp |
| 13:06 | Build | House |
| 13:10 | Build | House |
| 13:11 | Create | Villager (Male) |
| 13:20 | Create | Scout Cavalry |
| 13:31 | Create | Archer |
| 13:33 | Build | Palisade Wall |
| 13:42 | Create | Villager (Male) |
| 13:45 | Build | House |
| 13:52 | Create | Scout Cavalry |
| 14:07 | Create | Archer |
| 14:08 | Create | Villager (Male) |
| 14:20 | Build | Blacksmith |
| 14:23 | Create | Villager (Male) |
| 14:24 | Build | House |
| 14:38 | Create | Archer |
| 14:43 | Build | Palisade Wall |
| 14:44 | Build | Palisade Wall |
| 14:47 | Build | Palisade Wall |
| 14:50 | Create | Villager (Male) |
| 15:07 | Create | Fishing Ship |
| 15:31 | Create | Archer |
| 15:32 | Create | Villager (Male) |
| 16:01 | Build | Palisade Wall |
| 16:08 | Research | Castle Age |
| 16:52 | Build | House |
| 16:59 | Build | Mill |
| 17:28 | Research | Loom |
| 17:58 | Create | Scout Cavalry |
| 18:14 | Build | Dock |
| 18:33 | Age | Castle Age |
| 18:39 | Build | Siege Workshop |
| 18:44 | Build | Town Center |
| 18:45 | Create | Villager (Male) |
| 18:47 | Create | Knight |
| 19:01 | Create | Fishing Ship |
| 19:20 | Create | Villager (Male) |
| 19:24 | Build | House |
| 19:26 | Create | Fishing Ship |
| 19:28 | Research | Tech 906 |
| 19:33 | Create | Mangonel |
| 19:40 | Create | Villager (Male) |
| 19:43 | Build | House |
| 20:00 | Create | Villager (Male) |
| 20:00 | Create | Villager (Male) |
| 20:07 | Create | Fishing Ship |
| 20:09 | Create | Villager (Male) |
| 20:31 | Create | Villager (Male) |
| 20:42 | Build | Monastery |
| 20:46 | Build | Palisade Wall |
| 20:58 | Create | Villager (Male) |
| 21:10 | Create | Villager (Male) |
| 21:14 | Build | House |
| 21:15 | Create | Villager (Male) |
| 21:15 | Create | Villager (Male) |
| 21:21 | Create | Villager (Male) |
| 21:22 | Create | Villager (Male) |
| 21:42 | Create | Monk |
| 21:52 | Create | Monk |
| 21:56 | Build | Town Center |
| 22:05 | Create | Villager (Male) |
| 22:05 | Create | Villager (Male) |
| 22:15 | Build | House |
| 22:18 | Create | Villager (Male) |
| 22:18 | Create | Villager (Male) |
| 22:19 | Create | Fishing Ship |
| 22:42 | Research | Double-Bit Axe |
| 22:46 | Build | House |
| 22:47 | Create | Fishing Ship |
| 22:53 | Build | House |
| 23:06 | Create | Monk |
| 23:11 | Create | Mangonel |
| 23:16 | Create | Villager (Male) |
| 23:27 | Create | Villager (Male) |
| 23:37 | Build | Farm |
| 23:39 | Build | Farm |
| 23:48 | Create | Villager (Male) |
| 23:48 | Create | Villager (Male) |
| 23:50 | Create | Monk |
| 23:52 | Create | Mangonel |
| 24:01 | Create | Villager (Male) |
| 24:02 | Create | Villager (Male) |
| 24:12 | Create | Villager (Male) |
| 24:19 | Create | Villager (Male) |
| 24:24 | Build | Town Center |
| 24:33 | Create | Villager (Male) |
| 24:34 | Create | Villager (Male) |
| 24:39 | Build | Farm |
| 24:40 | Build | Farm |
| 24:41 | Build | Farm |
| 24:42 | Build | Farm |
| 24:52 | Research | Town Watch |
Build order — Raven
First 150 of 299 actions detected
| 0:15 | Build | Town Center |
| 0:47 | Build | House |
| 0:48 | Build | Dock |
| 2:43 | Create | Villager (Male) |
| 2:43 | Create | Villager (Male) |
| 2:43 | Create | Villager (Male) |
| 2:43 | Create | Villager (Male) |
| 2:44 | Create | Villager (Male) |
| 3:47 | Create | Villager (Male) |
| 4:14 | Create | Fishing Ship |
| 4:14 | Create | Fishing Ship |
| 4:14 | Create | Fishing Ship |
| 4:32 | Build | House |
| 4:47 | Create | Villager (Male) |
| 4:47 | Create | Villager (Male) |
| 4:47 | Create | Villager (Male) |
| 5:17 | Create | Villager (Male) |
| 5:17 | Create | Villager (Male) |
| 5:39 | Create | Villager (Male) |
| 5:39 | Create | Villager (Male) |
| 5:39 | Create | Villager (Male) |
| 5:44 | Create | Fishing Ship |
| 5:44 | Create | Fishing Ship |
| 5:57 | Build | House |
| 6:07 | Create | Villager (Male) |
| 6:08 | Create | Villager (Male) |
| 6:08 | Create | Villager (Male) |
| 6:10 | Build | Palisade Wall |
| 6:14 | Build | Palisade Wall |
| 6:15 | Build | Palisade Wall |
| 6:16 | Build | Palisade Wall |
| 6:29 | Create | Villager (Male) |
| 6:30 | Create | Villager (Male) |
| 6:50 | Create | Fishing Ship |
| 6:53 | Create | Villager (Male) |
| 6:54 | Create | Villager (Male) |
| 6:54 | Create | Villager (Male) |
| 7:20 | Build | Palisade Wall |
| 7:23 | Build | Palisade Wall |
| 7:26 | Create | Villager (Male) |
| 7:26 | Create | Villager (Male) |
| 7:27 | Create | Villager (Male) |
| 7:30 | Create | Fishing Ship |
| 7:30 | Create | Fishing Ship |
| 7:38 | Build | House |
| 7:50 | Create | Villager (Male) |
| 7:50 | Create | Villager (Male) |
| 7:53 | Build | Palisade Wall |
| 8:12 | Build | Palisade Wall |
| 8:13 | Build | Palisade Wall |
| 8:21 | Create | Villager (Male) |
| 8:21 | Create | Villager (Male) |
| 8:23 | Build | House |
| 8:40 | Create | Fishing Ship |
| 8:41 | Create | Fishing Ship |
| 8:52 | Create | Villager (Male) |
| 8:52 | Create | Villager (Male) |
| 8:52 | Create | Villager (Male) |
| 8:59 | Create | Villager (Male) |
| 8:59 | Create | Villager (Male) |
| 9:02 | Build | Palisade Wall |
| 9:07 | Create | Villager (Male) |
| 9:07 | Create | Villager (Male) |
| 9:13 | Create | Villager (Male) |
| 9:13 | Create | Villager (Male) |
| 9:13 | Create | Villager (Male) |
| 9:23 | Create | Villager (Male) |
| 9:24 | Create | Villager (Male) |
| 9:42 | Create | Fishing Ship |
| 9:51 | Build | Mining Camp |
| 10:00 | Build | Outpost |
| 10:21 | Research | Loom |
| 10:22 | Research | Loom |
| 10:22 | Research | Loom |
| 10:32 | Build | Palisade Wall |
| 10:40 | Build | Mill |
| 10:43 | Research | Feudal Age |
| 10:44 | Research | Feudal Age |
| 10:46 | Build | Palisade Wall |
| 10:48 | Build | Palisade Wall |
| 10:50 | Build | Palisade Wall |
| 10:51 | Build | Palisade Wall |
| 11:32 | Build | House |
| 12:08 | Create | Villager (Male) |
| 12:08 | Create | Villager (Male) |
| 12:56 | Age | Feudal Age |
| 12:59 | Create | Fire Galley |
| 13:04 | Build | Market |
| 13:05 | Create | Villager (Male) |
| 13:42 | Create | Villager (Male) |
| 14:00 | Build | House |
| 14:05 | Build | Blacksmith |
| 14:51 | Research | Castle Age |
| 14:51 | Research | Castle Age |
| 14:51 | Research | Castle Age |
| 14:54 | Create | Unit 2626 |
| 14:54 | Create | Unit 2626 |
| 15:27 | Build | Mining Camp |
| 16:09 | Build | Lumber Camp |
| 16:53 | Create | Villager (Male) |
| 17:10 | Build | Dock |
| 17:12 | Build | House |
| 17:31 | Age | Castle Age |
| 17:33 | Build | Castle |
| 17:41 | Research | Double-Bit Axe |
| 17:41 | Research | Double-Bit Axe |
| 17:42 | Research | Double-Bit Axe |
| 17:42 | Create | Villager (Male) |
| 17:42 | Create | Villager (Male) |
| 18:10 | Create | Villager (Male) |
| 18:34 | Create | Ratha (Ranged) |
| 18:38 | Create | Villager (Male) |
| 18:53 | Create | Villager (Male) |
| 19:11 | Create | Ratha (Ranged) |
| 19:13 | Research | Fletching |
| 19:13 | Research | Fletching |
| 19:14 | Research | Fletching |
| 19:40 | Create | Ratha (Ranged) |
| 19:47 | Research | Gold Mining |
| 19:47 | Research | Gold Mining |
| 19:54 | Research | Bow Saw |
| 19:54 | Research | Bow Saw |
| 19:58 | Create | Fishing Ship |
| 20:13 | Create | Villager (Male) |
| 20:14 | Create | Ratha (Ranged) |
| 20:31 | Build | Mill |
| 20:53 | Create | Villager (Male) |
| 20:53 | Create | Villager (Male) |
| 21:00 | Create | Ratha (Ranged) |
| 21:24 | Create | Villager (Male) |
| 21:26 | Build | Town Center |
| 21:41 | Create | Villager (Male) |
| 21:42 | Create | Villager (Male) |
| 22:00 | Create | Villager (Male) |
| 22:30 | Create | Villager (Male) |
| 22:30 | Create | Villager (Male) |
| 22:54 | Create | Fishing Ship |
| 22:54 | Create | Fishing Ship |
| 23:06 | Research | Bodkin Arrow |
| 23:06 | Research | Bodkin Arrow |
| 23:06 | Create | Villager (Male) |
| 23:07 | Create | Villager (Male) |
| 23:17 | Create | Ratha (Ranged) |
| 23:17 | Create | Ratha (Ranged) |
| 23:32 | Research | Padded Archer Armor |
| 23:32 | Research | Padded Archer Armor |
| 23:40 | Create | Ratha (Ranged) |
| 24:02 | Create | Ratha (Ranged) |
| 24:06 | Create | Villager (Male) |
| 24:10 | Build | Farm |
Match timeline
| 0:32 | Souches · first_building Dock |
| 0:48 | Raven · first_building Dock |
| 1:00 | Armazmar · first_building Dock |
| 1:06 | OS | dreamerion92 · first_building Dock |
| 1:11 | Bel · first_building Dock |
| 1:13 | Aleko · first_building Dock |
| 1:42 | matt_Solo · first_building Dock |
| 2:44 | Mr Buuuuiiii · first_building Dock |
| 2:49 | Aleko · wall_segment Palisade Wall x1 |
| 6:00 | OS | dreamerion92 · wall_segment Palisade Wall x2 |
| 6:10 | Raven · wall_segment Palisade Wall x1 |
| 6:14 | Raven · wall_segment Palisade Wall x1 |
| 6:15 | Raven · wall_segment Palisade Wall x1 |
| 6:16 | Raven · wall_segment Palisade Wall x1 |
| 6:43 | Aleko · wall_segment Palisade Wall x1 |
| 6:45 | Aleko · wall_segment Palisade Wall x1 |
| 6:49 | OS | dreamerion92 · wall_segment Palisade Wall x3 |
| 7:20 | Raven · wall_segment Palisade Wall x1 |
| 7:23 | Raven · wall_segment Palisade Wall x1 |
| 7:31 | OS | dreamerion92 · wall_segment Palisade Wall x1 |
| 7:34 | Bel · wall_segment Palisade Wall x3 |
| 7:46 | matt_Solo · wall_segment Palisade Wall x1 |
| 7:53 | Raven · wall_segment Palisade Wall x3 |
| 8:12 | Raven · wall_segment Palisade Wall x1 |
| 8:13 | Raven · wall_segment Palisade Wall x2 |
| 8:32 | OS | dreamerion92 · wall_segment Palisade Wall x4 |
| 9:02 | Raven · wall_segment Palisade Wall x1 |
| 9:13 | OS | dreamerion92 · wall_segment Palisade Wall x11 |
| 9:29 | OS | dreamerion92 · wall_segment Palisade Wall x7 |
| 9:37 | Aleko · wall_segment Palisade Wall x1 |
| 9:39 | Bel · wall_segment Palisade Wall x1 |
| 9:42 | OS | dreamerion92 · wall_segment Palisade Wall x12 |
| 9:49 | Aleko · wall_segment Palisade Wall x7 |
| 10:25 | Bel · wall_segment Palisade Wall x1 |
| 10:25 | Bel · wall_segment Palisade Wall x1 |
| 10:32 | Raven · wall_segment Palisade Wall x1 |
| 10:37 | Bel · first_building Barracks |
| 10:44 | Bel · wall_segment Palisade Wall x1 |
| 10:46 | Raven · wall_segment Palisade Wall x1 |
| 10:47 | Bel · wall_segment Palisade Wall x1 |
| 10:48 | Bel · wall_segment Palisade Wall x4 |
| 10:48 | Raven · wall_segment Palisade Wall x3 |
| 10:50 | Raven · wall_segment Palisade Wall x3 |
| 10:51 | Raven · wall_segment Palisade Wall x1 |
| 11:05 | OS | dreamerion92 · wall_segment Palisade Wall x8 |
| 11:22 | Aleko · wall_segment Palisade Wall x7 |
| 11:29 | Aleko · wall_segment Palisade Wall x4 |
| 11:33 | Bel · age_up feudal |
| 11:40 | Bel · first_building Stable |
| 11:41 | matt_Solo · wall_segment Palisade Wall x1 |
| 11:42 | matt_Solo · wall_segment Palisade Wall x1 |
| 11:43 | OS | dreamerion92 · wall_segment Palisade Wall x9 |
| 11:43 | matt_Solo · wall_segment Palisade Wall x3 |
| 11:44 | matt_Solo · wall_segment Palisade Wall x8 |
| 12:02 | OS | dreamerion92 · wall_segment Palisade Wall x7 |
| 12:22 | Aleko · wall_segment Palisade Wall x10 |
| 12:25 | Aleko · wall_segment Palisade Wall x1 |
| 12:35 | Bel · first_building Archery Range |
| 12:46 | OS | dreamerion92 · wall_segment Palisade Wall x1 |
| 12:52 | Aleko · wall_segment Palisade Wall x3 |
| 12:54 | Aleko · wall_segment Palisade Wall x2 |
| 12:56 | Raven · age_up feudal |
| 13:02 | Armazmar · age_up feudal |
| 13:11 | Souches · age_up feudal |
| 13:22 | Aleko · age_up feudal |
| 13:29 | matt_Solo · age_up feudal |
| 13:33 | OS | dreamerion92 · age_up feudal |
| 13:33 | Bel · wall_segment Palisade Wall x2 |
| 13:34 | OS | dreamerion92 · wall_segment Palisade Wall x1 |
| 14:10 | OS | dreamerion92 · wall_segment Palisade Wall x11 |
| 14:23 | OS | dreamerion92 · wall_segment Palisade Wall x1 |
| 14:28 | Armazmar · first_building Stable |
| 14:35 | Mr Buuuuiiii · age_up feudal |
| 14:36 | OS | dreamerion92 · wall_segment Palisade Wall x3 |
| 14:43 | Bel · wall_segment Palisade Wall x2 |
| 14:44 | Bel · wall_segment Palisade Wall x4 |
| 14:47 | Bel · wall_segment Palisade Wall x1 |
| 15:06 | Aleko · first_market_sell 100 stone |
| 15:06 | Aleko · first_market_buy 100 food |
| 15:10 | OS | dreamerion92 · wall_segment Palisade Wall x5 |
| 15:33 | OS | dreamerion92 · wall_segment Palisade Wall x3 |
| 15:41 | matt_Solo · wall_segment Palisade Wall x1 |
| 15:41 | matt_Solo · wall_segment Palisade Wall x1 |
| 15:42 | matt_Solo · wall_segment Palisade Wall x1 |
| 15:43 | matt_Solo · wall_segment Palisade Wall x1 |
| 15:43 | matt_Solo · wall_segment Palisade Wall x2 |
| 15:43 | matt_Solo · wall_segment Palisade Wall x2 |
| 15:43 | matt_Solo · wall_segment Palisade Wall x1 |
| 15:45 | matt_Solo · wall_segment Palisade Wall x1 |
| 16:01 | Bel · wall_segment Palisade Wall x1 |
| 16:25 | matt_Solo · first_building Donjon |
| 16:34 | matt_Solo · first_market_buy 100 wood |
| 16:52 | OS | dreamerion92 · wall_segment Palisade Wall x1 |
| 16:54 | OS | dreamerion92 · wall_segment Palisade Wall x1 |
| 16:59 | OS | dreamerion92 · wall_segment Palisade Wall x1 |
| 17:04 | Aleko · first_building Barracks |
| 17:06 | OS | dreamerion92 · wall_segment Palisade Wall x4 |
| 17:11 | OS | dreamerion92 · wall_segment Palisade Wall x4 |
| 17:18 | matt_Solo · age_up castle |
| 17:23 | OS | dreamerion92 · wall_segment Palisade Wall x1 |
| 17:26 | matt_Solo · first_building Siege Workshop |
| 17:26 | OS | dreamerion92 · wall_segment Palisade Wall x1 |
| 17:31 | Raven · age_up castle |
| 17:33 | Raven · first_building Castle |
| 17:40 | Souches · first_building Barracks |
| 18:18 | OS | dreamerion92 · wall_segment Palisade Wall x4 |
| 18:20 | OS | dreamerion92 · wall_segment Palisade Wall x7 |
| 18:20 | Armazmar · age_up castle |
| 18:23 | Aleko · age_up castle |
| 18:25 | Aleko · first_building Archery Range |
| 18:27 | Souches · first_building Stable |
| 18:33 | Bel · age_up castle |
| 18:36 | OS | dreamerion92 · first_market_buy 100 stone |
| 18:39 | Bel · first_building Siege Workshop |
| 18:48 | OS | dreamerion92 · age_up castle |
| 18:54 | OS | dreamerion92 · first_building Castle |
| 19:05 | Souches · age_up castle |
| 19:25 | matt_Solo · first_building Monastery |
| 19:52 | Raven · first_market_buy 100 food |
| 20:00 | Mr Buuuuiiii · age_up castle |
| 20:42 | Bel · first_building Monastery |
| 20:46 | Bel · wall_segment Palisade Wall x4 |
| 21:01 | Souches · wall_segment Palisade Wall x1 |
| 21:02 | Souches · wall_segment Palisade Wall x1 |
| 22:02 | Aleko · first_building Stable |
| 22:21 | Raven · first_market_sell 100 wood |
| 22:24 | OS | dreamerion92 · first_market_sell 100 wood |
| 23:56 | matt_Solo · first_building Stable |
| 25:37 | Mr Buuuuiiii · first_building Barracks |
| 25:44 | OS | dreamerion92 · age_up imperial |
| 25:48 | Raven · first_building Monastery |
| 26:04 | Armazmar · first_building Castle |
| 26:11 | matt_Solo · wall_segment Stone Wall x11 |
| 26:31 | OS | dreamerion92 · first_building Siege Workshop |
| 26:32 | Mr Buuuuiiii · first_building Archery Range |
| 26:49 | matt_Solo · first_building Castle |
| 27:56 | matt_Solo · wall_segment Stone Wall x6 |
| 28:21 | OS | dreamerion92 · first_building Monastery |
| 28:32 | Mr Buuuuiiii · first_building Monastery |
| 29:16 | Armazmar · first_building Siege Workshop |
| 29:47 | Raven · first_building Siege Workshop |
| 30:05 | matt_Solo · wall_segment Stone Wall x14 |
| 30:13 | OS | dreamerion92 · first_building Barracks |
| 30:20 | Raven · first_building Barracks |
| 30:37 | Souches · first_building Monastery |
| 31:36 | Bel · first_building Castle |
| 31:41 | Raven · first_building Stable |
| 31:46 | Armazmar · age_up imperial |
| 32:30 | Mr Buuuuiiii · age_up imperial |
| 32:35 | Mr Buuuuiiii · first_building Castle |
| 32:59 | Mr Buuuuiiii · first_building Stable |
| 33:13 | Souches · first_building Castle |
| 34:28 | Souches · first_market_buy 100 food |
| 37:47 | Bel · resign |
[ AI ANALYSIS · 1 CREDIT ]
What really happened in this match?
Wolo.gg analyzes every decision: build order, eco, micro, common mistakes by bracket. Personalized analysis on WhatsApp or Discord in 30 seconds.
Civ guide
Portuguese
Map guide
Nomad
Perfil
OS | dreamerion92